 Dungeon Crawl Stone Soup version 0.31-a0-851-g7ff8af7976 (webtiles) character file.

Game seed: 4159106072494720121

44 avis the Ducker (level 3, 17/17 HPs)
             Began as a Felid Fighter on Oct 7, 2023.
             Got out of the dungeon alive.
             The game lasted 00:03:43 (679 turns).

avis the Ducker (Felid Fighter)                      Turns: 679, Time: 00:03:44

Health: 17/17      AC:  5    Str: 12    XL:     3   Next: 41%
Magic:  4/4        EV: 20    Int:  9    God:
Gold:   56         SH:  0    Dex: 17    Spells: 2/2 levels left
                                        Lives:  0   Deaths: 1

rFire   . .          .
                       - Unarmed
rCold   + . .        (shield unavailable)
rNeg    . . .        (body armour unavailable)
rPois   .            (helmet unavailable)
rElec   .            (cloak unavailable)
rCorr   .            (gloves unavailable)
SInv    +            (boots unavailable)
Will    .....        (no amulet)
Stlth   ++           c - +4 ring of protection
HPRegen 0.22/turn    i - ring of protection from cold
MPRegen 0.09/turn

%: no passive effects
@: quick
A: very small, claws 1, fangs 3, see invisible, speed 1, shaggy fur 1, stealthy
paws, no weapons or thrown items, no armour, multi-lived
a: no special abilities


You escaped.
You visited 1 branch of the dungeon, and saw 2 of its levels.

You collected 56 gold pieces.

Inventory:

Jewellery
 c - a +4 ring of protection (left paw)
 i - a ring of protection from cold (right paw)
Scrolls
 f - a scroll of vulnerability {unknown}
 h - a scroll of enchant weapon {unknown}
Potions
 a - a potion of might
 b - a potion of cancellation
 d - 2 potions of enlightenment {unknown}
 e - a potion of mutation {unknown}
 g - a potion of brilliance {unknown}


   Skills:
 - Level 3.0 Fighting
 * Level 5.4 Dodging
 + Level 2.4 Stealth
 - Level 4.0 Unarmed Combat


You had 2 spell levels left.
You didn't know any spells.
Your spell library was empty.

Dungeon Overview and Level Annotations

Branches:
Dungeon (2/15)

Altars:

Annotations:
D:2 Jessica


Innate Abilities, Weirdness & Mutations

You have sharp claws.
You have razor-sharp teeth.
You have supernaturally acute eyesight. (SInv)
You cover ground quickly. (Speed+)
You are covered in fur. (AC +1)
Your paws help you pounce on unaware monsters.
You are incapable of wielding weapons or throwing items.
You cannot wear armour.
You gain extra lives every three experience levels.


Message History

Jessica is almost dead.
You feel sick. The orc misses you.
Jessica hits you with a +3 dagger of venom.
* * * LOW HITPOINT WARNING * * *
You are more poisoned.
* * * LOW HITPOINT WARNING * * *
You feel very sick.
The kobold throws a stone.
The stone barely misses you.
Jessica casts a spell.
Jessica seems to speed up.
It was a potion of cancellation.
You feel magically purged.
You die...
You feel sick. The orc barely misses you.
Jessica hits you with a +3 dagger of venom.
You are more poisoned.
You rejoin the land of the living...
Found a stone staircase leading down.
Found a trident.
A frilled lizard comes into view.
The frilled lizard hisses angrily.
Found a gold piece.
An adder comes into view.
Found a stone staircase leading up.
You claw the frilled lizard!
You kill the frilled lizard!
You see here a frilled lizard corpse.
You closely miss the adder. The adder closely misses you.
You claw the adder!
The adder is severely wounded.
The adder barely misses you.
You scratch the adder.
You kill the adder!
You see here an adder corpse.
You now have 56 gold pieces (gained 1).
There is a stone staircase leading up here.
You climb upwards.
There is a stone staircase leading down here.
There is a fountain of clear blue water here.
There is a staircase leading out of the dungeon here.
You have escaped!

#.# ##>..##.# #.. #.#
##.###...# ###
#.#######...###.#### ######
#.....##.##.####.#.###.....
#.#....................####
#.#..##♣♣♣.♣♣♣##...##### #
#....# ♣⌠♣ #...#### #
###..♣♣♣♣♣.♣♣♣♣♣......# #
#.....⌠.@.⌠......##.# #
#..♣♣♣♣♣.♣♣♣♣♣...##>#####
#..# ♣⌠♣ #...##.##...
#..##♣♣♣.♣♣♣##...##.##...
#...............###.##...
###.##########.[#........
#.# ##.#.#.#.... #.####
#.....#....
#....#########..###....


There were no monsters in sight!

Vanquished Creatures
  An adder (D:2)
  A dart slug (D:1)
  A ball python (D:1)
  3 endoplasms (D:1)
  A giant cockroach (D:1)
  3 goblins (D:1)
  2 hobgoblins (D:1)
  4 jackals (D:1)
  3 kobolds (D:1)
  A quokka (D:1)
  2 bats (D:1)
  7 frilled lizards
  3 rats (D:1)
32 creatures vanquished.

Notes
Turn   | Place    | Note
-------+----------+-------------------------------------------
     0 | D:1      | avis the Felid Fighter began the quest for the Orb.
     0 | D:1      | Reached XP level 1. HP: 10/10 MP: 2/2
    88 | D:1      | Reached skill level 1 in Stealth
   170 | D:1      | Reached XP level 2. HP: 14/14 MP: 3/3
   429 | D:1      | Reached skill level 5 in Dodging
   456 | D:1      | Reached XP level 3. HP: 17/17 MP: 4/4
   637 | D:2      | Noticed Jessica
   647 | D:2      | Succumbed to Jessica's poison
   679 | D:$      | Got out of the dungeon alive.

Illustrated notes

Levels and vault maps discovered:
D:1:      scummos_arrival_forest, layout_loops_cross
D:2:      layout_rooms, uniq_jessica, uniq_terence

Skill      XL: |  1  2 |
---------------+-------+-----
Stealth        | 1 2 |  2.4
Dodging        | 5 |  5.4
Fighting       | |  3.0
Unarmed Combat | |  4.0

Action                     || total
---------------------------++-------
  Melee: Unarmed           ||    68
         Bite              ||     7
         Punch             ||     1
    Use: Potion            ||     1
   Stab: Sleeping          ||     4
 Armour: Skin              ||    11
  Dodge: Dodged            ||    44

Table legend: (Time is in decaauts)
 A = Elapsed time spent in this place.
 B = Non-inter-level travel time spent in this place.
 C = Inter-level travel time spent in this place.
 D = Time resting spent in this place.
 E = Time spent auto-exploring this place.
 F = Levels seen in this place.
 G = Mean time per level.
                   A        B        C        D        E       F      G
               +--------+--------+--------+--------+--------+-----+--------+
         Total |    558 |    546 |     12 |      0 |    330 |   2 |  279.0 |
       Dungeon |    558 |    546 |     12 |      0 |    330 |   2 |  279.0 |
               +--------+--------+--------+--------+--------+-----+--------+

Top non-repeatable levels by time:
     D:1: 519 daAuts
     D:2: 39 daAuts
